 Dungeon Crawl Stone Soup version 0.25-a0-10-g2fe12d4386 (webtiles) character file.

Game seed: 11371862039386970706, levelgen mode: deterministic

139 MalarOregon the Conjurer (level 5, -5/41 HPs)
             Began as a Draconian Conjurer on Oct 15, 2019.
             Killed by nerve-wracking pain
             ... invoked by an orc priest
              (10 damage)
             ... on level 3 of the Dungeon.
             The game lasted 00:03:31 (2187 turns).

MalarOregon the Conjurer (Draconian Conjurer)       Turns: 2187, Time: 00:03:32

Health: -5/41      AC:  6    Str: 10    XL:     5   Next: 1%
Magic:  1/9        EV: 13    Int: 16    God:
Gold:   71         SH:  0    Dex: 12    Spells: 8/9 levels left

rFire    . . .     SeeInvis .   n - +1 short sword (protect)
rCold    . . .     Gourm    .   (no shield)
rNeg     . . .     Faith    .   (armour unavailable)
rPois    .         Spirit   .   (helmet restricted)
rElec    .         Reflect  .   (no cloak)
rCorr    .         Harm     .   (no gloves)
MR       .....                  l - +0 pair of boots
Stlth    ++........             (no amulet)
HPRegen  0.13/turn              (no ring)
MPRegen  0.11/turn              (no ring)

@: no status effects
A: unfitting armour, cold-blooded, AC +5
a: no special abilities


You were on level 3 of the Dungeon.
You were not hungry.

You visited 1 branch of the dungeon, and saw 3 of its levels.

You collected 71 gold pieces.

Inventory:

Hand Weapons
 n - a +1 short sword of protection (weapon)
   (You took it off a kobold on level 1 of the Dungeon)
Armour
 l - a +0 pair of boots (worn)
   (You found it on level 2 of the Dungeon)
Jewellery
 k - an uncursed amulet of guardian spirit {unknown}
   (You found it on level 2 of the Dungeon)
Scrolls
 c - 2 scrolls of teleportation {unknown}
 d - a scroll of enchant armour {unknown}
 f - a scroll of amnesia {unknown}
 g - 5 scrolls of remove curse {unknown}
 i - 2 scrolls of identify {unknown}
 j - a scroll of fear {unknown}
 m - a scroll of noise {unknown}
Potions
 a - 2 potions of flight {unknown}
 h - a potion of ambrosia {unknown}
Comestibles
 e - 4 rations {!d}


   Skills:
 + Level 2.2 Fighting
 + Level 2.8 Dodging
 - Level 1.7 Stealth
 + Level 2.9 Spellcasting
 + Level 4.6 Conjurations


You had 8 spell levels left.
You knew the following spells:

 Your Spells              Type           Power        Failure   Level  Hunger
a - Magic Dart            Conj           ###.         2%          1    #......

Your spell library contained the following spells:

 Spells                   Type           Power        Failure   Level  Hunger
 Searing Ray              Conj           ###...       4%          2    ##.....
 Dazzling Spray           Conj/Hex       #.....       22%         3    ###....
 Iskenderun's Mystic Bla  Conj           ###.....     26%         4    #####..
 Force Lance              Conj/Tloc      #.......     58%         4    #####..
 Fulminant Prism          Conj/Hex       #.........   58%         4    #####..


Dungeon Overview and Level Annotations

Branches:
Dungeon (3/15)

Altars:

Annotations:
D:2 1 runed translucent door, Crazy Yiuf


Innate Abilities, Weirdness & Mutations

Your plain brown scales are hard. (AC +5)
You cannot fit into any form of body armour.
You are cold-blooded and may be slowed by cold attacks.


Message History

Some of the chunks of flesh in your inventory have rotted away.
Unknown command.
Unknown command.
Some of the chunks of flesh in your inventory have rotted away.
You open the door.
There is an open door here.
All of the chunks of flesh in your inventory have rotted away.
Found a whip. 2 orc priests come into view.
There are monsters nearby!
Aim: an orc priest, wielding a +0 mace (resting)
The magic dart hits the orc priest.
The orc priest shouts!
You hear a shout!
Aim: an orc priest, wielding a +0 mace (lightly wounded)
The magic dart hits the orc priest but does no damage.
You hear a shout!
An orc comes into view. It is wielding a +0 dagger.
Aim: an orc priest, wielding a +0 mace (lightly wounded)
The magic dart hits the orc priest but does no damage.
Aim: an orc priest, wielding a +0 mace (lightly wounded)
The magic dart hits the orc priest.
Aim: an orc priest, wielding a +0 mace (moderately wounded)
The magic dart hits the orc priest.
The orc priest looks braver for a moment.
Aim: an orc priest, wielding a +0 mace (heavily wounded)
The magic dart hits the orc priest.
An orc comes into view. It is wielding a +0 short sword.
The orc priest invokes the aid of Beogh against you.
Beogh smites you!
The orc shouts!
Aim: an orc priest, wielding a +0 mace (severely wounded)
The magic dart hits the orc priest.
You hear an angry hiss.
An orc comes into view. It is wielding a +0 club.
The orc priest invokes the aid of Beogh against you.
Pain shoots through your body!
* * * LOW HITPOINT WARNING * * *
Aim: an orc priest, wielding a +0 mace (severely wounded)
The magic dart hits the orc priest.
You kill the orc priest!
You have reached level 5!
The orc priest invokes the aid of Beogh against you.
Pain shoots through your body!
* * * LOW HITPOINT WARNING * * *
The orc priest invokes the aid of Beogh against you.
Pain shoots through your body!
* * * LOW HITPOINT WARNING * * *
The orc priest invokes the aid of Beogh against you.
Pain shoots through your body!
You die...

#..#. #......^.# #o#
##..#.##...##+#.###.#.#
.....................o.
##..............###)#)# .
..............).# #o#.# ..
##.#..#....##..## #.#o# #.....#
##.#..#....##..# #.#.# #.....#
##.........##..####.#o####.....#
................@..............
##.........##..######.#.##..≈####
.÷....................#.##.≈.....
##....#....##..#.####.#.##..≈.≈.≈
##....#....................≈.....
...........##.##.#########+.≈####
##.........##.##.# #............
##.#..#....##.##.# #..........#.
.........#.##÷##.# #..........#


You could see an orc priest.

Vanquished Creatures
  An orc priest (D:3)
  5 adders
  An ooze (D:1)
  A worm (D:2)
  A dart slug (D:3)
  5 bats
  2 giant cockroaches
  6 goblins
  6 hobgoblins
  10 jackals
  8 kobolds
  A quokka (D:3)
  A ball python (D:1)
  2 frilled lizards
  4 rats
54 creatures vanquished.

Notes
Turn   | Place    | Note
-------+----------+-------------------------------------------
     0 | D:1      | MalarOregon the Draconian Conjurer began the quest for the
                  | Orb.
     0 | D:1      | Reached XP level 1. HP: 14/14 MP: 3/3
   230 | D:1      | Reached XP level 2. HP: 17/22 MP: 1/5
   386 | D:1      | Reached skill level 1 in Fighting
   685 | D:1      | Reached XP level 3. HP: 18/28 MP: 6/6
  1173 | D:2      | Found a runed translucent door.
  1174 | D:2      | Noticed Crazy Yiuf
  1327 | D:2      | Reached XP level 4. HP: 36/36 MP: 2/7
  2180 | D:3      | Reached XP level 5. HP: 14/41 MP: 0/9
  2187 | D:3      | Killed from afar by an orc priest

Levels and vault maps discovered:
D:1:      dpeg_arrival_line_fractal, layout_rooms
D:2:      layout_basic, uniq_crazy_yiuf_cottage
D:3:      layout_basic, first_ration, nicolae_ru_path_of_blood

Skill      XL: |  1  2  3  4 |
---------------+-------------+-----
Dodging        | 2 |  2.8
Fighting       | 1 2 |  2.2
Stealth        | |  1.7
Spellcasting   | |  2.9
Conjurations   | |  4.6

Action                   |  1- 3 |  4- 6 || total
-------------------------+-------+-------++-------
Melee: Dagger            |    50 |       ||    50
       Tailslap          |    10 |     8 ||    18
       Short sword       |    61 |    85 ||   146
       Trident           |       |    14 ||    14
 Cast: Magic Dart        |    43 |    11 ||    54
 Stab: Sleeping          |     1 |       ||     1
  Eat: Chunk             |     2 |     3 ||     5
Armor: Skin              |    56 |    44 ||   100
Dodge: Dodged            |    95 |    77 ||   172

Table legend:
 A = Non-vault XP
 B = Vault XP
 C = Vault XP percentage of total XP
 D = Non-vault monster count
 E = Vault monster count
 F = Vault count percentage of total count
                 A         B        C        D         E       F
            +---------+---------+-------+---------+---------+-------
      Total |     199 |       0 |   0.0 |      54 |       0 |   0.0
            +---------+---------+-------+---------+---------+-------
        D:1 |      49 |       0 |   0.0 |      26 |       0 |   0.0
        D:2 |      59 |       0 |   0.0 |      13 |       0 |   0.0
        D:3 |      91 |       0 |   0.0 |      15 |       0 |   0.0
            +---------+---------+-------+---------+---------+-------
